 Dungeon Crawl Stone Soup version 0.32-a0-126-g9fbf7fb75a (webtiles) character file.

Game seed: 5688598900979603606

148 Nattfarinn the Magician (level 5, -2/45 HPs)
             Began as an Oni Necromancer on Feb 7, 2024.
             Slain by an orc priest
             ... wielding a +0 war axe
              (7 damage)
             ... on level 3 of the Dungeon.
             The game lasted 00:03:25 (3071 turns).

Nattfarinn the Magician (Oni Necromancer)           Turns: 3071, Time: 00:03:25

Health: -2/45      AC:  3    Str: 12    XL:     5   Next: 30%
Magic:  12/12      EV:  9    Int: 18    God:
Gold:   118        SH:  0    Dex:  9    Spells: 13/14 levels left

rFire   . . .        h - +1 short sword (holy)
rCold   . . .        (no shield)
rNeg    . . .        a - +0 robe
rPois   .            (helmet restricted)
rElec   .            (no cloak)
rCorr   .            (gloves unavailable)
SInv    .            (boots unavailable)
Will    .....        (no amulet)
Stlth   +            (no ring)
HPRegen 0.27/turn    (no ring)
MPRegen 0.13/turn

%: no passive effects
@: no status effects
A: large, unfitting armour, horns 1, tough skin 1, double potion healing,
drunken brawling
a: no special abilities


You were on level 3 of the Dungeon.
You visited 1 branch of the dungeon, and saw 3 of its levels.

You collected 118 gold pieces.

Inventory:

Hand Weapons
 d - a +0 club
 h - a +1 short sword of holy wrath (weapon)
Armour
 a - a +0 robe (worn)
Scrolls
 e - 2 scrolls of enchant armour {unknown}
 g - 2 scrolls of identify {unknown}
 k - a scroll of teleportation {unknown}
 n - a scroll of vulnerability {unknown}
Potions
 f - a potion of degeneration {unknown}
 i - a potion of berserk rage {unknown}
 j - a potion of curing {unknown}
 l - a potion of lignification {unknown}
 m - a potion of heal wounds {unknown}
 o - a potion of attraction {unknown}


   Skills:
 - Level 1.7 Dodging
 - Level 1.4 Stealth
 * Level 5.0 Spellcasting
 + Level 4.4 Necromancy


You had 13 spell levels left.
You knew the following spells:

 Your Spells              Type           Power      Damage    Failure   Level
a - Necrotise             Necr           80%        1d8       1%          1

Your spell library contained the following spells:

 Spells                   Type           Power      Damage    Failure   Level
 Vampiric Draining        Necr           20%        2d7       6%          3
 Animate Dead             Necr           20%        N/A       21%         4
 Inner Flame              Hex/Fire       4%         N/A       36%         3
 Curse of Agony           Necr           20%        N/A       50%         5
 Flame Wave               Conj/Fire      4%         2d5       78%         4
 Sticky Flame             Fire/Alch      4%         2d4       78%         4


Dungeon Overview and Level Annotations

Branches:
Dungeon (3/15)

Altars:


Innate Abilities, Weirdness & Mutations

You are too large for most types of armour.
You have a pair of small horns on your head.
You have tough skin. (AC +1)
You gain doubled healing and magic from potions.
Whenever you drink a healing potion, you attack all around you.


Message History

Something hits your orc wizard skeleton.
The orc priest writhes in agony.
An orc priest comes into view. It is wielding a +0 short sword.
The orc priest writhes in agony.
You miscast Necrotise.
Nothing appears to happen.
The orc priest barely misses you.
The orc priest writhes in agony.
An orc priest comes into view. It is wielding a +0 mace.
The orc priest begins to cast a cantrip, but forgets the words!
The orc priest hits you with a +0 war axe.
The orc priest hits your orc wizard skeleton with a +0 war axe.
The orc priest barely resists.
The orc priest hits you with a +0 war axe!
The orc priest hits your orc wizard skeleton with a +0 war axe!
The orc priest writhes in agony.
Your orc wizard skeleton barely misses the orc priest.
The orc priest hits your orc wizard skeleton with a +0 short sword.
The orc priest calls down the wrath of Beogh upon you.
Pain shoots through your body!
You are too injured to fight recklessly!
You are too injured to fight recklessly!
You are too injured to fight recklessly!
Unknown command.
You take a swig of the potion and twirl your +1 short sword of holy wrath.
You barely miss the orc priest. Your headbutt misses the orc priest.
The orc priest is heavily wounded.
Magic courses through your body.
Your orc wizard skeleton hits the orc priest.
The orc priest hits your orc wizard skeleton with a +0 short sword.
The orc priest invokes the aid of Beogh against you.
Beogh smites you!
* * * LOW HITPOINT WARNING * * *
The orc priest closely misses you.
The orc priest hits your orc wizard skeleton with a +0 war axe.
Your orc wizard skeleton is destroyed!
Unknown command.
It was a potion of cancellation.
You feel magically purged.
Your magical contamination has completely faded away.
The orc priest hits you with a +0 war axe!
You die...

#.# #.#
..# #.#
### #.#
#.# #.#
#.#
#.######
#......#
###@...#
#.....oo.#
#####....#
....o).
##.#.##.#
.#.# # .#
# .#


You could see 3 orc priests.

Vanquished Creatures
  An orc wizard (D:3)
  4 adders
  3 dart slugs
  2 ribbon worms (D:2)
  3 orcs (D:3)
  4 bats
  4 endoplasms
  4 giant cockroaches
  5 goblins
  8 hobgoblins
  10 jackals
  4 quokkas
  4 ball pythons
  2 frilled lizards (D:2)
  4 kobolds
  3 rats (D:2)
65 creatures vanquished.

Vanquished Creatures (collateral kills)
  A hobgoblin (D:1)
  A frilled lizard (D:1)
2 creatures vanquished.

Grand Total: 67 creatures vanquished

Notes
Turn   | Place    | Note
-------+----------+-------------------------------------------
     0 | D:1      | Nattfarinn the Oni Necromancer began the quest for the Orb.
     0 | D:1      | Reached XP level 1. HP: 16/16 MP: 3/3
   162 | D:1      | Reached skill level 3 in Spellcasting
   162 | D:1      | Reached XP level 2. HP: 24/24 MP: 1/6
   501 | D:1      | Found a faded altar of an unknown god.
   633 | D:1      | Reached XP level 3. HP: 31/31 MP: 5/7
  1616 | D:2      | Reached skill level 4 in Spellcasting
  1708 | D:2      | Reached XP level 4. HP: 39/39 MP: 6/10
  2889 | D:3      | Reached XP level 5. HP: 42/45 MP: 1/12
  3063 | D:3      | Reached skill level 5 in Spellcasting
  3071 | D:3      | Slain by an orc priest

Illustrated notes

Levels and vault maps discovered:
D:1:      dpeg_arrival_refuge, layout_basic,
          hellmonk_ecumenical_altar_arch_garden, roderic_roman_lattice
D:2:      layout_loops_corners
D:3:      layout_loops_ring, guppyfry_early_orc_mine

Skill      XL: |  1  2  3  4  5 |
---------------+----------------+-----
Spellcasting   | 3 4 5 |  5.0
Necromancy     | 4 |  4.4
Dodging        | |  1.7
Stealth        | |  1.4

Action                     |  1- 3 |  4- 6 || total
---------------------------+-------+-------++-------
  Melee: Unarmed           |    13 |       ||    13
         Headbutt          |     4 |     3 ||     7
         Short sword       |     1 |    10 ||    11
         Punch             |       |     1 ||     1
   Cast: Necrotise         |    74 |    72 ||   146
    Use: Potion            |       |     2 ||     2
   Stab: Distracted        |       |     1 ||     1
 Armour: Robe              |    18 |    26 ||    44
  Dodge: Dodged            |    12 |    14 ||    26

Table legend: (Time is in decaauts)
 A = Elapsed time spent in this place.
 B = Non-inter-level travel time spent in this place.
 C = Inter-level travel time spent in this place.
 D = Time resting spent in this place.
 E = Time spent auto-exploring this place.
 F = Levels seen in this place.
 G = Mean time per level.
                   A        B        C        D        E       F      G
               +--------+--------+--------+--------+--------+-----+--------+
         Total |   3069 |   3016 |     53 |      0 |   2634 |   3 | 1023.0 |
       Dungeon |   3069 |   3016 |     53 |      0 |   2634 |   3 | 1023.0 |
               +--------+--------+--------+--------+--------+-----+--------+

Top non-repeatable levels by time:
     D:2: 1471 daAuts
     D:1: 1333 daAuts
     D:3: 264 daAuts
